 Dungeon Crawl Stone Soup version 0.27-a0-124-g19cb506db8 (webtiles) character file.

Game seed: 10542639818224090289

3147 CosmicReverie the Basher (level 9, -1/118 HPs)
             Began as a Minotaur Berserker on Jan 25, 2021.
             Was an Elder of Trog.
             Slain by a killer bee (8 damage)
             ... on level 8 of the Dungeon on Jan 26, 2021.
             The game lasted 00:41:56 (9361 turns).

CosmicReverie the Basher (Minotaur Berserker)       Turns: 9361, Time: 00:41:57

Health: -1/118     AC:  6    Str: 23    XL:     9   Next: 62%
Magic:  8/8        EV: 13    Int:  4    God:    Trog [****..]
Gold:   335        SH:  5    Dex: 12    Spells: 8/8 levels left

rFire    . . .     SeeInvis .   L - +4 great sword (freeze)
rCold    + . .     Faith    .   (shield currently unavailable)
rNeg     + . .     Spirit   .   C - +0 ring mail {rC+}
rPois    .         Reflect  +   (helmet restricted)
rElec    .         Harm     .   (no cloak)
rCorr    .         Rampage  .   (no gloves)
Will     .....                  (no boots)
Stlth    ..........             h - amulet of reflection
HPRegen  0.29/turn              D - ring of positive energy
MPRegen  0.11/turn              (no ring)

@: berserking, lethally poisoned (-1 -> -15), very quick
A: retaliatory headbutt, horns 2
a: Renounce Religion, Berserk, Trog's Hand, Brothers in Arms


You were on level 8 of the Dungeon.
You worshipped Trog.
Trog was greatly pleased with you.
You visited 1 branch of the dungeon, and saw 8 of its levels.

You collected 335 gold pieces.

Inventory:

Hand Weapons
 a - a +0 hand axe
 w - a +2 dire flail of holy wrath
 y - a +0 war axe
 E - a +0 hand axe
 H - a -1 war axe
 L - a +4 great sword of freezing (weapon)
Armour
 b - a +0 animal skin
 i - a +0 pair of boots
 j - a +0 ring mail
 k - a +0 chain mail
 q - a +0 chain mail
 x - a +2 leather armour of poison resistance
 A - a +0 ring mail
 C - a +0 ring mail of cold resistance (worn)
 I - a +0 scale mail
Jewellery
 h - an amulet of reflection (around neck)
 s - an uncursed ring of magical power
 D - a ring of positive energy (left hand)
Wands
 t - a wand of enslavement (2)
 v - a wand of random effects (11)
Scrolls
 c - a scroll of blinking {unknown}
 d - 9 scrolls of remove curse
 e - 4 scrolls of teleportation
 f - 3 scrolls of identify
 m - 2 scrolls of fear {unknown}
 p - 2 scrolls of noise {unknown}
 B - a scroll of amnesia {unknown}
 J - a scroll of magic mapping {unknown}
Potions
 g - a potion of invisibility
 l - a potion of heal wounds {unknown}
 n - 3 potions of lignification
 o - 3 potions of brilliance
 r - a potion of degeneration {unknown}
 u - 2 potions of curing {unknown}
 z - 2 potions of flight
 F - a potion of resistance {unknown}
 G - 2 potions of might {unknown}
 K - a potion of attraction {unknown}


   Skills:
 + Level 7.1 Fighting
 * Level 2.9 Long Blades
 - Level 7.9(9.8) Axes
 - Level 9.2(10.4) Maces & Flails
 - Level 0.1 Throwing
 * Level 7.4 Armour
 + Level 5.0 Dodging
 - Level 1.3 Stealth
 - Level 0.3 Shields


You had 8 spell levels left.
You didn't know any spells.
Your spell library was empty.

Dungeon Overview and Level Annotations

Branches:
Dungeon (8/15)             Temple (0/1) D:4
   Lair: D:8-11

Altars:
Cheibriados
Dithmenos
Nemelex Xobeh
Trog
Uskayaw
Xom
Zin
The Shining One


Innate Abilities, Weirdness & Mutations

You reflexively headbutt those who attack you in melee.
You have a pair of horns on your head.


Message History

You furiously retaliate!
You headbutt the killer bee!
You kill the killer bee!
Trog accepts your kill.
The killer bee stings you but does no damage.
You closely miss the killer bee.
* * * LOW HITPOINT WARNING * * *
You feel sick. You block the killer bee's attack.
The killer bee stings you but does no damage.
The killer bee stings you.
* * * LOW HITPOINT WARNING * * *
The killer bee closely misses you. You furiously retaliate!
You headbutt the killer bee!
You riposte.
You barely miss the killer bee. Your headbutt misses the killer bee.
The killer bee is heavily wounded.
You slash the killer bee! You freeze the killer bee.
You kill the killer bee!
Trog accepts your kill.
* * * LOW HITPOINT WARNING * * *
You feel sick. The killer bee stings you!
You die...

## ##... ... ..>.
.. .... #... .# #
....##.?# #.#.#
........###.#.####.
...................
.......))...#.....
....##.))†......###
. #..@y†..o.....
#..##).....#..
#....y<.......
#......#......
#...##.#......
...............
#.............#.
#....#........#
##...#........


You could see a killer bee and an orc.

Vanquished Creatures
  A hornet (D:7)
  A dream sheep (D:5)
  Menkaure (D:4)
  Edmund (D:4)
  2 ice beasts
  7 ogres
  3 centaurs
  Blork the orc (D:4)
  4 bullfrogs
  A scorpion (D:4)
  5 killer bees (D:8)
  7 wights
  A bullfrog zombie (D:5)
  A hound (D:5)
  A jelly (D:5)
  A bullfrog skeleton (D:7)
  An orc priest (D:3)
  A centaur skeleton (D:7)
  5 orc wizards
  Ijyb (D:3)
  6 worker ants
  A hound skeleton (D:5)
  Robin (D:3)
  A howler monkey zombie (D:6)
  2 worker ant zombies
  7 adders
  A shadow imp (D:6)
  2 white imps
  2 oozes
  2 adder skeletons
  6 worms
  3 leopard geckos
  19 orcs
  2 ball pythons
  6 giant cockroaches
  20 goblins
  12 hobgoblins
  11 jackals
  11 kobolds
  6 quokkas
  3 bats
  3 frilled lizards
  6 rats
179 creatures vanquished.

Vanquished Creatures (others)
  4 dream sheep (D:5)
  3 plants (D:6)
7 creatures vanquished.

Grand Total: 186 creatures vanquished

Notes
Turn   | Place    | Note
-------+----------+-------------------------------------------
     0 | D:1      | CosmicReverie the Minotaur Berserker began the quest for
                  | the Orb.
     0 | D:1      | Reached XP level 1. HP: 19/19 MP: 0/0
    19 | D:1      | Reached XP level 2. HP: 18/27 MP: 1/1
   753 | D:2      | Reached XP level 3. HP: 21/33 MP: 2/2
  1003 | D:2      | Reached ** piety under Trog
  1072 | D:2      | Found a sparkling altar of Nemelex Xobeh.
  1085 | D:2      | Reached skill level 5 in Axes
  1275 | D:2      | Reached XP level 4. HP: 41/41 MP: 3/3
  1810 | D:2      | Found a glowing golden altar of the Shining One.
  1972 | D:3      | Noticed Robin
  1981 | D:3      | Killed Robin
  2211 | D:3      | Reached XP level 5. HP: 30/47 MP: 4/4
  2257 | D:3      | Found a faded altar of an unknown god.
  2666 | D:3      | Noticed Ijyb
  2722 | D:3      | Killed Ijyb
  2917 | D:3      | Reached *** piety under Trog
  3217 | D:3      | Found a shimmering altar of Xom.
  3439 | D:4      | Reached XP level 6. HP: 53/53 MP: 5/5
  3762 | D:4      | Found a staircase to the Ecumenical Temple.
  4024 | D:4      | Reached skill level 1 in Stealth
  4047 | D:4      | Found a glowing silver altar of Zin.
  4048 | D:4      | Noticed an angel
  4155 | D:4      | Noticed Edmund
  4173 | D:4      | HP: 1/82 [Edmund/+2 dire flail of holy wrath (6)]
  4175 | D:4      | Killed Edmund
  4176 | D:4      | Reached skill level 5 in Fighting
  4176 | D:4      | Reached XP level 7. HP: 3/61 MP: 6/6
  4555 | D:4      | Noticed Blork the orc
  4559 | D:4      | Reached skill level 1 in Maces & Flails
  4561 | D:4      | Killed Blork the orc
  4562 | D:4      | Reached skill level 2 in Maces & Flails
  4898 | D:4      | Noticed Menkaure
  4906 | D:4      | Killed Menkaure
  4907 | D:4      | Reached skill level 3 in Maces & Flails
  4998 | D:5      | Entered Level 5 of the Dungeon
  5000 | D:5      | Upgraded the game from 0.27-a0-109-g416527ed24 to
                  | 0.27-a0-124-g19cb506db8
  5222 | D:5      | Reached XP level 8. HP: 39/70 MP: 7/7
  5225 | D:5      | Reached skill level 4 in Maces & Flails
  5538 | D:5      | Found a sand-covered staircase.
  5621 | D:5      | Noticed a dream sheep
  5621 | D:5      | Noticed a dream sheep
  5621 | D:5      | Noticed a dream sheep
  5621 | D:5      | Noticed a dream sheep
  5621 | D:5      | Noticed a dream sheep
  5621 | D:5      | Found a shimmering altar of Xom.
  5624 | D:5      | Killed a dream sheep
  5624 | D:5      | HP: 3/70 [something (18)]
  5625 | D:5      | Reached skill level 5 in Maces & Flails
  5626 | D:5      | Killed a dream sheep
  5627 | D:5      | Killed a dream sheep
  5627 | D:5      | Killed a dream sheep
  5630 | D:5      | Killed a dream sheep
  5952 | D:5      | Found a glowing golden altar of the Shining One.
  6293 | D:6      | Reached **** piety under Trog
  6327 | D:6      | Reached skill level 6 in Maces & Flails
  7760 | D:6      | Reached skill level 5 in Armour
  7815 | D:6      | Reached skill level 7 in Maces & Flails
  8307 | D:7      | Noticed a hornet
  8325 | D:7      | Killed a hornet
  8326 | D:7      | Reached XP level 9. HP: 57/78 MP: 8/8
  8611 | D:7      | Reached skill level 8 in Maces & Flails
  9072 | D:7      | Reached skill level 9 in Maces & Flails
  9082 | D:7      | Found a snail-covered altar of Cheibriados.
  9117 | D:7      | Found a shadowy altar of Dithmenos.
  9189 | D:7      | Found a hide-covered altar of Uskayaw.
  9189 | D:7      | Found a bloodstained altar of Trog.
  9245 | D:7      | Reached skill level 1 in Long Blades
  9354 | D:8      | Reached skill level 5 in Dodging
  9361 | D:8      | Slain by a killer bee

Illustrated notes

Levels and vault maps discovered:
D:1:      lemuel_arrival_lava_pool, layout_rooms
D:2:      layout_loops_ring, nemelex_xobeh_ov_fountains_minmay,
          marbit_many_paths, serial_forest, infiniplex_forest_lined_room_2,
          infiniplex_forest_end_3, infiniplex_forest_corner_1,
          infiniplex_forest_straight_1, infiniplex_forest_lined_room_3
D:3:      layout_basic, xom_butterflies, chequers_ecumenical_altar_simple,
          uniq_ijyb, uniq_robin
D:4:      minmay_general_purpose_star, layout_loops_corners, zin_angel,
          minmay_temple_entry_mini_moons, uniq_blork_the_orc, uniq_menkaure,
          uniq_edmund
D:5:      layout_loops_ring, basic_altar, chequers_ossuary_entry_cave,
          kb_xom_exploding_sheep
D:6:      corexii_shack_village, layout_basic, minmay_three_doors
D:7:      layout_loops_corners, lemuel_doored_altar,
          gammafunk_temple_overflow_statue, basic_altar, hangedman_decor_push
D:8:      layout_basic, kennysheep_mini, serial_glass, glass_columns_a,
          glass_columns_a, glass_columns_b, glass_columns_c, glass_columns_a,
          glass_columns_a, glass_columns_c, glass_columns_c

Skill      XL: |  1  2  3  4  5  6  7  8  9 |
---------------+----------------------------+-----
Axes           | 4 5 6 7 |  7.9
Fighting       | 4 5 6 7 |  7.1
Dodging        | 3 4 5 |  5.0
Stealth        | 1 |  1.3
Maces & Flails | 3 7 9 |  9.2
Armour         | 4 5 7 |  7.4
Long Blades    | 2 |  2.9
Throwing       | |  0.1
Shields        | |  0.3

Action                   |  1- 3 |  4- 6 |  7- 9 || total
-------------------------+-------+-------+-------++-------
Melee: Hand axe          |    58 |   159 |       ||   217
       Headbutt          |    10 |    35 |    33 ||    78
       Dire flail        |       |       |   174 ||   174
       Great sword       |       |       |     6 ||     6
Throw: Throwing net      |       |       |     2 ||     2
Invok: Berserk           |     2 |     1 |     3 ||     6
       Trog's Hand       |       |     1 |       ||     1
  Use: Potion            |       |     3 |     2 ||     5
       Scroll            |       |       |     5 ||     5
 Stab: Sleeping          |     1 |     1 |     2 ||     4
Armor: Animal skin       |    13 |    20 |       ||    33
       Ring mail         |       |       |    18 ||    18
       Scale mail        |       |       |    16 ||    16
Dodge: Dodged            |    32 |    99 |   105 ||   236
Block: Other             |       |       |    27 ||    27
       Rpst.: Great sword |       |       |     3 ||     3

Table legend: (Time is in decaauts)
 A = Elapsed time spent in this place.
 B = Non-inter-level travel time spent in this place.
 C = Inter-level travel time spent in this place.
 D = Time resting spent in this place.
 E = Time spent auto-exploring this place.
 F = Levels seen in this place.
 G = Mean time per level.
                   A        B        C        D        E       F      G
               +--------+--------+--------+--------+--------+-----+--------+
         Total |   9397 |   9273 |    124 |   1065 |   7004 |   8 | 1174.6 |
       Dungeon |   9397 |   9273 |    124 |   1065 |   7004 |   8 | 1174.6 |
               +--------+--------+--------+--------+--------+-----+--------+

Top non-repeatable levels by time:
     D:6: 1980 daAuts
     D:4: 1688 daAuts
     D:3: 1364 daAuts
     D:2: 1324 daAuts
     D:5: 1230 daAuts
     D:7: 1112 daAuts
     D:1: 657 daAuts
     D:8: 38 daAuts
